 Dungeon Crawl Stone Soup version 0.23-a0-767-gdc19b93 (webtiles) character file.

177 nono the Skirmisher (level 5, -1/47 HPs)
             Began as a Ghoul Fighter on Jan 19, 2019.
             Slain by a gnoll (6 damage)
             ... on level 3 of the Dungeon.
             The game lasted 00:03:13 (1370 turns).

nono the Skirmisher (Ghoul Fighter)                 Turns: 1370, Time: 00:03:15

Health: -1/47      AC:  6    Str: 25    XL:     5   Next: 57%
Magic:  4/4        EV:  4    Int:  4    God:
Gold:   137        SH:  0    Dex:  8    Spells: 4/4 levels left

rFire    . . .     SeeInvis .     - Unarmed
rCold    + . .     Gourm    .   b - +0 shield
rNeg     + + +     Faith    .   a - +0 scale mail
rPois    ∞         Spirit   .   (no helmet)
rElec    .         Reflect  .   (no cloak)
rCorr    .         Harm     .   (no gloves)
MR       .....                  (no boots)
Stlth    ..........             (no amulet)
HPRegen  0.00/turn              (no ring)
MPRegen  0.09/turn              (no ring)

@: mighty, held, rotting
A: rotting body, claws 1, carnivore, cold resistance 1, negative energy
resistance 3, inhibited regeneration, torment resistance, unbreathing
a: no special abilities


You were on level 3 of the Dungeon.
You were not hungry.

You visited 1 branch of the dungeon, and saw 3 of its levels.

You collected 137 gold pieces.

Inventory:

Armour
 a - a +0 scale mail (worn)
 b - a +0 shield (worn)
Scrolls
 e - 4 scrolls of identify {unknown}
 f - 2 scrolls of enchant weapon {unknown}
 h - a scroll of immolation {unknown}
 i - 8 scrolls of teleportation {unknown}
 l - a scroll of amnesia {unknown}
 m - a scroll of blinking {unknown}
Potions
 j - 2 potions of agility {unknown}
 k - a potion of mutation {unknown}
Comestibles
 d - 4 rations


   Skills:
 + Level 4.3 Fighting
 + Level 3.5 Armour
 + Level 3.6 Shields
 + Level 3.6 Unarmed Combat


You had 4 spell levels left.
You didn't know any spells.
Your spell library was empty.

Dungeon Overview and Level Annotations

Branches:
Dungeon (3/15)

Altars:
Gozag
Hepliaklqana
Xom
Yredelemnul
The Shining One


Innate Abilities, Weirdness & Mutations

Your body is rotting away.
You thrive on raw meat.
You are immune to poison.
You have sharp fingernails.
You are carnivorous and can eat meat at any time.
Your flesh is cold resistant. (rC+)
You are immune to negative energy. (rN+++)
You do not regenerate when monsters are visible.
You are immune to unholy pain and torment.
You can survive without breathing.


Message History

You hear a shout!
You closely miss the hobgoblin. You block the hobgoblin's attack.
The gnoll shouts!
You scratch the hobgoblin.
The hobgoblin is heavily wounded.
The gnoll barely misses you. The hobgoblin closely misses you.
A gnoll comes into view. It is wielding a +0 spear.
You claw the hobgoblin!
You kill the hobgoblin!
The gnoll hits you from afar with a +0 halberd.
* * * LOW HITPOINT WARNING * * *
You see here a +0 hand axe.
Found 10 gold pieces.
The gnoll barely misses you.
The gnoll throws a throwing net.
The throwing net hits you.
You become entangled in the net!
You see here a throwing net.
You struggle against the net.
You struggle against the net.
The gnoll hits you.
You die...

........ ..#
#)...####.#######
#....g)....%...
##g####(######
#.# #)########
#.# #g...g...#
#.#####(#####.
#.g....(#
##g.g@..# #
#.###..# .#
#.###..#####..#
#.##<.........#
#.##.####.###.#
#.##(# #.# #.##.#
#.# ##(####.#####
#...........#


You could see 3 gnolls.

Vanquished Creatures
  A gnoll sergeant (D:3)
  2 gnolls
  5 adders
  A worm (D:2)
  A dart slug (D:2)
  3 bats
  4 giant cockroaches
  4 goblins
  3 hobgoblins
  9 jackals
  A frilled lizard (D:2)
  9 kobolds
  6 rats
49 creatures vanquished.

Notes
Turn   | Place    | Note
-------+----------+-------------------------------------------
     0 | D:1      | nono the Ghoul Fighter began the quest for the Orb.
     0 | D:1      | Reached XP level 1. HP: 19/19 MP: 0/0
    73 | D:1      | Reached XP level 2. HP: 16/26 MP: 1/1
   329 | D:1      | Reached XP level 3. HP: 29/31 MP: 2/2
   635 | D:2      | Found a faded altar of an unknown god.
   658 | D:2      | Found a hazy altar of Hepliaklqana.
   658 | D:2      | Found a glowing golden altar of the Shining One.
   658 | D:2      | Found a basalt altar of Yredelemnul.
   660 | D:2      | Found a shimmering altar of Xom.
   660 | D:2      | Found an opulent altar of Gozag.
   724 | D:2      | Reached XP level 4. HP: 13/40 MP: 3/3
  1261 | D:3      | Reached skill level 4 in Fighting
  1287 | D:3      | Noticed a gnoll sergeant
  1348 | D:3      | Killed a gnoll sergeant
  1348 | D:3      | Reached XP level 5. HP: 6/46 MP: 4/4
  1370 | D:3      | Slain by a gnoll

Vault maps used:
D:1:      scummos_arrival_star
D:2:      grunt_temple_overflow_open, chequers_ecumenical_altar_simple

Skill      XL: |  1  2  3  4 |
---------------+-------------+-----
Armour         | 3 |  3.5
Shields        | 3 |  3.6
Unarmed Combat | 3 |  3.6
Fighting       | 4 |  4.3

Action                   |  1- 3 |  4- 6 || total
-------------------------+-------+-------++-------
Melee: Unarmed           |   117 |   113 ||   230
  Use: Potion            |       |     1 ||     1
  Eat: Chunk             |    10 |    10 ||    20
Armor: Scale mail        |    34 |    40 ||    74
Dodge: Dodged            |    25 |    32 ||    57
Block: Shield            |    54 |    55 ||   109

Table legend:
 A = Non-vault XP
 B = Vault XP
 C = Vault XP percentage of total XP
 D = Non-vault monster count
 E = Vault monster count
 F = Vault count percentage of total count
                 A         B        C        D         E       F
            +---------+---------+-------+---------+---------+-------
      Total |     254 |       0 |   0.0 |      49 |       0 |   0.0
            +---------+---------+-------+---------+---------+-------
        D:1 |      45 |       0 |   0.0 |      19 |       0 |   0.0
        D:2 |      85 |       0 |   0.0 |      20 |       0 |   0.0
        D:3 |     124 |       0 |   0.0 |      10 |       0 |   0.0
            +---------+---------+-------+---------+---------+-------
